 Dungeon Crawl Stone Soup version 0.23-a0-625-g1d2cd9b (webtiles) character file.

98 Lanoc the Vexing (level 5, -2/38 HPs)
             Began as a Human Arcane Marksman on Dec 24, 2018.
             Slain by a centaur (7 damage)
             ... on level 3 of the Dungeon.
             The game lasted 00:04:26 (1501 turns).

Lanoc the Vexing (Human Arcane Marksman)            Turns: 1501, Time: 00:04:27

Health: -2/38      AC:  2    Str: 10    XL:     5   Next: 1%
Magic:  6/7        EV: 13    Int: 14    God:
Gold:   241        SH:  0    Dex: 14    Spells: 3/7 levels left

rFire    . . .     SeeInvis .   (no weapon)
rCold    . . .     Gourm    .   (no shield)
rNeg     . . .     Faith    .   e - +0 robe
rPois    .         Spirit   .   (no helmet)
rElec    .         Reflect  .   (no cloak)
rCorr    .         Harm     .   (no gloves)
MR       .....                  (no boots)
Stlth    +.........             (no amulet)
HPRegen  0.12/turn              (no ring)
MPRegen  0.10/turn              (no ring)

@: no status effects
A: no striking features
a: no special abilities


You were on level 3 of the Dungeon.
You were hungry.

You visited 1 branch of the dungeon, and saw 3 of its levels.

You collected 241 gold pieces.

Inventory:

Hand Weapons
 a - a +0 hand crossbow
Armour
 e - a +0 robe (worn)
Scrolls
 b - a scroll of blinking {unknown}
 c - 2 scrolls of remove curse {unknown}
 g - a scroll of enchant weapon {unknown}
 h - 3 scrolls of identify {unknown}
 i - 2 scrolls of teleportation {unknown}
Comestibles
 f - 4 rations


   Skills:
 + Level 1.7 Fighting
 * Level 3.0 Crossbows
 + Level 2.5 Dodging
 + Level 1.6 Spellcasting
 * Level 3.8 Hexes


You had 3 spell levels left.
You knew the following spells:

 Your Spells              Type           Power        Failure   Level  Hunger
a - Corona                Hex            ##.....      5%          1    ##.....
b - Inner Flame           Hex/Fire       #.......     34%         3    ####...

Your spell library contained the following spells:

 Spells                   Type           Power        Failure   Level  Hunger
 Slow                     Hex            ##......     8%          2    ###....
 Portal Projectile        Hex/Tloc       #.....       34%         3    ####...
 Cause Fear               Hex            ##........   45%         4    #####..
 Leda's Liquefaction      Hex/Erth       #.........   75%         4    #####..


Dungeon Overview and Level Annotations

Branches:
Dungeon (3/15)

Altars:
Gozag


Message History

You shoot a bolt. The bolt hits the centaur.
The centaur is moderately wounded.
The centaur hits you. The worker ant bites you. The centaur hits you.
* * * LOW HITPOINT WARNING * * *
The worker ant completely misses you.
It was a potion of curing.
You feel better. The centaur hits you. The worker ant closely misses you.
Wield which item (- for none, * to show all)? (? for menu, Esc to quit)
You are now empty-handed.
The centaur closely misses you.
You hit the centaur.
The centaur is moderately wounded.
The worker ant bites you!
* * * LOW HITPOINT WARNING * * *
The centaur hits you.
* * * LOW HITPOINT WARNING * * *
The worker ant closely misses you.
You hit the centaur but do no damage.
The centaur is moderately wounded.
The centaur hits you!
You die...

....[..##.
#......(.
##.......
###.......#
........(#
#.......# ##
#..ac..# ..#
#.@.#
#..####.###
##....#(## ##
.........##.(#
.####(.....#
#...)..#
..####..<####...
............)...
..####..........


You could see a centaur and a worker ant.

Vanquished Creatures
  2 adders (D:2)
  A worm (D:2)
  2 dart slugs (D:1)
  4 leopard geckos
  A ball python (D:2)
  3 giant cockroaches
  6 goblins
  10 hobgoblins
  12 jackals (D:1)
  3 kobolds
  10 bats
  2 frilled lizards
  2 rats
58 creatures vanquished.

Vanquished Creatures (others)
  3 toadstools (D:1)
3 creatures vanquished.

Grand Total: 61 creatures vanquished

Notes
Turn   | Place    | Note
-------+----------+-------------------------------------------
     0 | D:1      | Lanoc the Human Arcane Marksman began the quest for the
                  | Orb.
     0 | D:1      | Reached XP level 1. HP: 15/15 MP: 2/2
   130 | D:1      | Reached XP level 2. HP: 21/21 MP: 3/3
   367 | D:1      | Reached XP level 3. HP: 26/26 MP: 4/4
   685 | D:2      | Learned a level 3 spell: Inner Flame
   723 | D:2      | Reached XP level 4. HP: 32/32 MP: 6/6
  1018 | D:2      | Found an opulent altar of Gozag.
  1484 | D:3      | Reached XP level 5. HP: 38/38 MP: 7/7
  1489 | D:3      | Noticed a centaur
  1501 | D:3      | Slain by a centaur

Vault maps used:
D:1:      minmay_arrival_hallway, minmay_gold_behind_fungi
D:2:      nicolae_gozag_cash_rules_everything_around_me
D:3:      gammafunk_temple_overflow_elements, chequers_ecumenical_altar_simple,
          first_ration, uniq_grinder

Skill      XL: |  1  2  3  4 |
---------------+-------------+-----
Crossbows      | 3 |  3.0
Fighting       | |  1.7
Dodging        | |  2.5
Spellcasting   | |  1.6
Hexes          | |  3.8

Action                   |  1- 3 |  4- 6 || total
-------------------------+-------+-------++-------
Melee: Unarmed           |       |    33 ||    33
 Fire: Hand crossbow     |    98 |    60 ||   158
 Cast: Corona            |       |     1 ||     1
  Use: Potion            |       |     3 ||     3
  Eat: Chunk             |       |     1 ||     1
Armor: Robe              |    19 |    16 ||    35
Dodge: Dodged            |    53 |    63 ||   116

Table legend:
 A = Non-vault XP
 B = Vault XP
 C = Vault XP percentage of total XP
 D = Non-vault monster count
 E = Vault monster count
 F = Vault count percentage of total count
                 A         B        C        D         E       F
            +---------+---------+-------+---------+---------+-------
      Total |     141 |       0 |   0.0 |      58 |       0 |   0.0
            +---------+---------+-------+---------+---------+-------
        D:1 |      62 |       0 |   0.0 |      32 |       0 |   0.0
        D:2 |      73 |       0 |   0.0 |      23 |       0 |   0.0
        D:3 |       6 |       0 |   0.0 |       3 |       0 |   0.0
            +---------+---------+-------+---------+---------+-------
